 Dungeon Crawl Stone Soup version 0.24-a0-22-g2a401c0 (webtiles) character file.

Game seed: 2640449415486109529

12051 Lanoc the Blocker (level 11, -16/89 HPs)
             Began as a Gnoll Fighter on Feb 1, 2019.
             Was the Champion of Cheibriados.
             Demolished by Rupert
             ... wielding a +4 great mace of protection
              (36 damage)
             ... on level 2 of the Orcish Mines.
             The game lasted 00:22:00 (11716 turns).

Lanoc the Blocker (Gnoll Fighter)                  Turns: 11716, Time: 00:22:01

Health: -16/89     AC: 10    Str: 41    XL:     11   Next: 87%
Magic:  0/20       EV: 18    Int: 25    God:    Cheibriados [******]
Gold:   1197       SH: 16    Dex: 31    Spells: 23/23 levels left

rFire    . . .     SeeInvis .   q - +5 spear of Moubapaik {pierce, rC+}
rCold    + + .     Gourm    .   c - +0 shield
rNeg     . . .     Faith    .   A - +3 ring mail "Tybadas" {rC+}
rPois    .         Spirit   +   (no helmet)
rElec    .         Reflect  .   D - scarf {Spirit}
rCorr    .         Harm     .   (no gloves)
MR       .....                  (no boots)
Stlth    +++++.....             (no amulet)
HPRegen  0.24/turn              j - ring of stealth
MPRegen  0.17/turn              b - +5 ring of strength

@: very slow
A: distributed training, fangs 1, strong nose
a: Bend Time, Temporal Distortion, Slouch, Step From Time, Renounce Religion


You were on level 2 of the Orcish Mines.
You worshipped Cheibriados.
Cheibriados was exalted by your worship.
You were not hungry.

You visited 3 branches of the dungeon, and saw 12 of its levels.

You collected 1197 gold pieces.

Inventory:

Hand Weapons
 n - a +1 vampiric short sword
 q - the +5 spear of Moubapaik (weapon) {pierce, rC+}
   (You found it on level 6 of the Dungeon)

   It inflicts extra damage upon your enemies.
   It protects you from cold.
 r - a +2 great sword of holy wrath
Missiles
 d - 63 arrows
Armour
 c - a +0 shield (worn)
 A - the +3 ring mail "Tybadas" (worn) {rC+}
   (You found it on level 8 of the Dungeon)

   It protects you from cold.
 D - a scarf of spirit shield (worn)
Jewellery
 b - a +5 ring of strength (right hand)
 j - a ring of stealth (left hand)
 k - an uncursed ring of positive energy
Wands
 a - a wand of enslavement (6)
 m - a wand of disintegration (32)
 p - a wand of flame (24)
 t - a wand of polymorph (12)
 y - a wand of acid (2)
 B - a wand of paralysis (12)
Scrolls
 e - a scroll of enchant weapon {unknown}
 g - a scroll of teleportation
 i - a scroll of random uselessness {unknown}
 o - a scroll of holy word {unknown}
 u - a scroll of remove curse
 v - a scroll of noise
 w - 4 scrolls of fog
Potions
 h - a potion of resistance
 l - 3 potions of flight
 z - 3 potions of brilliance
 C - a potion of mutation
Comestibles
 f - 14 rations


   Skills:
 + Level 9.3 Fighting
 + Level 6.6 Short Blades
 + Level 8.1 Long Blades
 + Level 6.6 Axes
 + Level 6.6 Maces & Flails
 + Level 6.6 Polearms
 + Level 6.6 Staves
 + Level 6.6 Slings
 + Level 6.6 Bows
 + Level 6.6 Crossbows
 + Level 6.6 Throwing
 + Level 9.3 Armour
 + Level 6.6 Dodging
 + Level 6.6 Stealth
 + Level 9.3 Shields
 + Level 6.6 Unarmed Combat
 + Level 6.6 Spellcasting
 + Level 5.4 Conjurations
 + Level 5.4 Hexes
 + Level 5.4 Charms
 + Level 5.4 Summonings
 + Level 5.4 Necromancy
 + Level 5.4 Translocations
 + Level 5.4 Transmutations
 + Level 5.4 Fire Magic
 + Level 5.4 Ice Magic
 + Level 5.4 Air Magic
 + Level 5.4 Earth Magic
 + Level 5.4 Poison Magic
 + Level 7.2 Invocations
 + Level 6.6 Evocations


You had 23 spell levels left.
You didn't know any spells.
Your spell library was empty.

Dungeon Overview and Level Annotations

Branches:
Dungeon (9/15)             Temple (1/1) D:7             Orc (2/2) D:9
    Elf (0/3) Orc:2
   Lair: D:8-11

Altars:
Ashenzari
Cheibriados
Dithmenos
Elyvilon
Fedhas
Gozag
Hepliaklqana
Kikubaaqudgha
Makhleb
Nemelex Xobeh
Okawaru
Qazlal
Ru
Sif Muna
Trog
Uskayaw
Vehumet
Wu Jian
Xom
Yredelemnul
Zin
The Shining One
Beogh

Shops:
D:9 *

Annotations:
D:4 2 transporters, zkyp's ghost, novice GrWn
D:5 Pikel
Orc:2 Rupert


Innate Abilities, Weirdness & Mutations

Your experience applies equally to all skills.
You have very sharp teeth.
Your uncanny sense of smell can sniff out nearby items.


Message History

The bolt of acid hits Rupert!
Rupert is splashed with acid.
The acid corrodes Rupert!
Rupert is severely wounded.
Rupert hits you with a +4 great mace of protection!!
* * * LOW HITPOINT WARNING * * *
As you read the scroll labeled IFOT CAOVUD, it crumbles to dust.
The scroll dissolves into smoke.
It was a scroll of fog.
Rupert completely misses you.
As you read the scroll labeled ZASSIECWODIVU, it crumbles to dust.
You hear a loud clanging noise!
It was a scroll of noise.
You hear a shout! x16
You block Rupert's attack.
Rupert hits you with a +4 great mace of protection.
* * * LOW HITPOINT WARNING * * *
As you read the scroll labeled NUOBOT DYFFULL, it crumbles to dust.
It is a scroll of amnesia.
You feel forgetful for a moment.
Rupert hits you with a +4 great mace of protection!!!
You die...

............#.............(.#....
.......).....#...#...............
......)<<....#..........#........
......#.)....................#...
#.............)..................
.......#.........................
..............§§§§...............
.............§§§§@...............
...#...........§@§§..............
..#............§§§...............
####...........§§§...............
##.........#.....................
#........#.##..............##....
##.....##.....#..........#.......
###.......^....................#
##....................#..##.##
##..##.##.#..##.#..###### #


You could see Rupert (berserk).

Vanquished Creatures
  3 two-headed ogres
  Urug (Orc:2)
  An unseen horror (D:8)
  An orc knight (Orc:1)
  An ugly thing (D:8)
  A troll (Orc:1)
  Grinder (D:6)
  4 hippogriffs (D:8)
  A shadow (D:8)
  A vampire (D:8)
  Edmund (D:5)
  4 wargs (Orc:1)
  A water moccasin (D:9)
  Duvessa (D:7)
  14 orc warriors
  2 slaves (D:5)
  4 phantoms
  2 sky beasts
  8 ogres
  2 black bears (D:9)
  2 ice beasts
  An eye of draining (D:9)
  4 centaurs
  A big kobold (D:8)
  3 bullfrogs
  Blork the orc (D:6)
  A gnoll sergeant (D:8)
  A wyvern zombie (D:8)
  Dowan (D:7)
  2 scorpions
  6 wights
  A howler monkey (D:9)
  A bullfrog zombie (D:6)
  5 hounds
  2 jellies
  A centaur zombie (D:8)
  11 orc priests
  16 orc wizards
  An iguana (D:7)
  Ijyb (D:3)
  10 worker ants
  A hound skeleton (D:8)
  2 worker ant zombies (D:7)
  13 adders
  23 gnolls
  A shadow imp (D:5)
  2 oozes
  3 adder skeletons
  2 adder zombies
  A worm (D:4)
  2 dart slugs
  5 leopard geckos
  43 orcs
  3 ball pythons
  5 giant cockroaches
  12 hobgoblins
  12 jackals
  4 quokkas
  10 bats
  2 frilled lizards
  A giant cockroach zombie (D:5)
  15 goblins
  9 kobolds
  A leopard gecko zombie (D:8)
  2 quokka skeletons
  3 quokka zombies
  10 rats
313 creatures vanquished.

Notes
Turn   | Place    | Note
-------+----------+-------------------------------------------
     0 | D:1      | Lanoc the Gnoll Fighter began the quest for the Orb.
     0 | D:1      | Reached XP level 1. HP: 23/23 MP: 1/1
    75 | D:1      | Reached XP level 2. HP: 29/29 MP: 2/2
   335 | D:1      | Reached XP level 3. HP: 35/35 MP: 3/3
   422 | D:1      | Found a shattered altar of Ashenzari.
   728 | D:2      | Reached skill level 1 in Invocations
   759 | D:2      | Reached skill level 1 in Short Blades
   759 | D:2      | Reached skill level 1 in Axes
   759 | D:2      | Reached skill level 1 in Maces & Flails
   759 | D:2      | Reached skill level 1 in Polearms
   759 | D:2      | Reached skill level 1 in Staves
   759 | D:2      | Reached skill level 1 in Slings
   759 | D:2      | Reached skill level 1 in Bows
   759 | D:2      | Reached skill level 1 in Crossbows
   759 | D:2      | Reached skill level 1 in Throwing
   759 | D:2      | Reached skill level 1 in Dodging
   759 | D:2      | Reached skill level 1 in Stealth
   759 | D:2      | Reached skill level 1 in Unarmed Combat
   759 | D:2      | Reached skill level 1 in Spellcasting
   759 | D:2      | Reached skill level 1 in Evocations
   792 | D:2      | Reached XP level 4. HP: 39/41 MP: 5/5
   985 | D:2      | Reached skill level 1 in Conjurations
   985 | D:2      | Reached skill level 1 in Hexes
   985 | D:2      | Reached skill level 1 in Charms
   985 | D:2      | Reached skill level 1 in Summonings
   985 | D:2      | Reached skill level 1 in Necromancy
   985 | D:2      | Reached skill level 1 in Translocations
   985 | D:2      | Reached skill level 1 in Transmutations
   985 | D:2      | Reached skill level 1 in Fire Magic
   985 | D:2      | Reached skill level 1 in Ice Magic
   985 | D:2      | Reached skill level 1 in Air Magic
   985 | D:2      | Reached skill level 1 in Earth Magic
   985 | D:2      | Reached skill level 1 in Poison Magic
  1019 | D:2      | Reached XP level 5. HP: 41/47 MP: 6/6
  1410 | D:3      | Found an ancient bone altar of Kikubaaqudgha.
  1430 | D:3      | Found a shadowy altar of Dithmenos.
  1432 | D:3      | Found a stormy altar of Qazlal.
  1471 | D:3      | Found an opulent altar of Gozag.
  1471 | D:3      | Found an iron altar of Okawaru.
  1472 | D:3      | Found a shattered altar of Ashenzari.
  1587 | D:3      | Found a glowing silver altar of Zin.
  1698 | D:3      | Noticed Ijyb
  1705 | D:3      | Killed Ijyb
  1848 | D:3      | Reached XP level 6. HP: 53/53 MP: 8/8
  1950 | D:4      | Found a transporter.
  1951 | D:4      | Found a transporter.
  1951 | D:4      | Noticed zkyp's ghost (novice GrWn)
  2013 | D:4      | Reached skill level 5 in Long Blades
  2216 | D:4      | Found a snail-covered altar of Cheibriados.
  2217 | D:4      | Found a basalt altar of Yredelemnul.
  2219 | D:4      | Became a worshipper of Cheibriados the Contemplative
  2307 | D:4      | Found a glowing golden altar of the Shining One.
  2577 | D:4      | Noticed a phantom
  2598 | D:4      | Reached XP level 7. HP: 19/59 MP: 10/10
  3126 | D:5      | Entered Level 5 of the Dungeon
  3257 | D:5      | Noticed Edmund
  3273 | D:5      | Killed Edmund
  3829 | D:5      | Reached XP level 8. HP: 64/67 MP: 12/12
  4162 | D:6      | Noticed Pikel
  4695 | D:6      | Got a scorched spear
  4696 | D:6      | Identified the +5 spear of Moubapaik {pierce, rC+} (You
                  | found it on level 6 of the Dungeon)
  4748 | D:6      | Reached * piety under Cheibriados
  4954 | D:6      | Noticed Blork the orc
  5253 | D:6      | Killed Blork the orc
  5325 | D:6      | Reached XP level 9. HP: 39/72 MP: 14/14
  5490 | D:6      | Reached ** piety under Cheibriados
  5604 | D:6      | Noticed Grinder
  5623 | D:6      | Paralysed by Grinder for 6 turns
  5632 | D:6      | Killed Grinder
  5894 | D:6      | Found a deep blue altar of Sif Muna.
  6203 | D:7      | Found a hazy altar of Hepliaklqana.
  6300 | D:7      | Noticed Dowan
  6301 | D:7      | Noticed Duvessa
  6315 | D:7      | Killed Dowan
  6323 | D:7      | Killed Duvessa
  6338 | D:7      | Found a staircase to the Ecumenical Temple.
  6344 | D:7      | Reached *** piety under Cheibriados
  6350 | Temple   | Entered the Ecumenical Temple
  6885 | D:8      | Reached skill level 5 in Invocations
  7102 | D:8      | Got an ancient ring mail
  7113 | D:8      | Identified the +3 ring mail "Tybadas" {rC+} (You found it
                  | on level 8 of the Dungeon)
  7133 | D:8      | Reached XP level 10. HP: 77/80 MP: 15/17
  7143 | D:8      | Reached **** piety under Cheibriados
  7209 | D:8      | Reached skill level 5 in Short Blades
  7209 | D:8      | Reached skill level 5 in Axes
  7209 | D:8      | Reached skill level 5 in Maces & Flails
  7209 | D:8      | Reached skill level 5 in Polearms
  7209 | D:8      | Reached skill level 5 in Staves
  7209 | D:8      | Reached skill level 5 in Slings
  7209 | D:8      | Reached skill level 5 in Bows
  7209 | D:8      | Reached skill level 5 in Crossbows
  7209 | D:8      | Reached skill level 5 in Throwing
  7209 | D:8      | Reached skill level 5 in Dodging
  7209 | D:8      | Reached skill level 5 in Stealth
  7209 | D:8      | Reached skill level 5 in Unarmed Combat
  7209 | D:8      | Reached skill level 5 in Spellcasting
  7209 | D:8      | Reached skill level 5 in Evocations
  7810 | D:8      | Noticed a cyan ugly thing
  7852 | D:8      | Killed a cyan ugly thing
  7873 | D:8      | Reached ***** piety under Cheibriados
  8070 | D:8      | Noticed a two-headed ogre
  8081 | D:8      | HP: 1/82 [two-headed ogre/+0 giant club (27)]
  8558 | D:8      | Killed an unseen horror
  9073 | D:9      | Found a bloodstained altar of Trog.
  9114 | D:9      | Got a dazzling leather armour
  9125 | D:9      | Identified the +1 leather armour "Uginiha" {Dex+2 Stlth+}
                  | (You found it on level 9 of the Dungeon)
  9156 | D:9      | Found a staircase to the Orcish Mines.
  9162 | D:9      | Reached XP level 11. HP: 87/87 MP: 19/19
  9174 | D:9      | Found a roughly hewn altar of Beogh.
  9201 | D:9      | HP: 3/87 [orc warrior/+0 halberd (14)]
  9620 | D:9      | Noticed a two-headed ogre
  9631 | D:9      | Killed a two-headed ogre
  9729 | D:9      | Found Xofal's Mayhem Merchandise.
  9965 | Orc:1    | Entered Level 1 of the Orcish Mines
 10007 | Orc:1    | Reached skill level 5 in Conjurations
 10007 | Orc:1    | Reached skill level 5 in Hexes
 10007 | Orc:1    | Reached skill level 5 in Charms
 10007 | Orc:1    | Reached skill level 5 in Summonings
 10007 | Orc:1    | Reached skill level 5 in Necromancy
 10007 | Orc:1    | Reached skill level 5 in Translocations
 10007 | Orc:1    | Reached skill level 5 in Transmutations
 10007 | Orc:1    | Reached skill level 5 in Fire Magic
 10007 | Orc:1    | Reached skill level 5 in Ice Magic
 10007 | Orc:1    | Reached skill level 5 in Air Magic
 10007 | Orc:1    | Reached skill level 5 in Earth Magic
 10007 | Orc:1    | Reached skill level 5 in Poison Magic
 10095 | Orc:1    | Noticed an orc knight
 10131 | Orc:1    | Killed an orc knight
 10740 | Orc:2    | Entered Level 2 of the Orcish Mines
 10908 | Orc:2    | Noticed a two-headed ogre
 11004 | Orc:2    | Killed a two-headed ogre
 11010 | Orc:2    | Reached ****** piety under Cheibriados
 11180 | Orc:2    | Noticed Urug
 11195 | Orc:2    | Killed Urug
 11212 | Orc:2    | Noticed Rupert
 11228 | Orc:2    | HP: 3/89 [Rupert/+4 great mace of protection (40)]
 11230 | Orc:2    | Found a staircase to the Elven Halls.
 11644 | Orc:2    | Noticed a two-headed ogre
 11653 | Orc:2    | Killed a two-headed ogre
 11716 | Orc:2    | Demolished by Rupert

Vault maps used:
D:1:      lightli_arrival_lavapool, minmay_misc_feat_x,
          nicolae_ashenzari_panopticon
D:2:      minmay_close_crescents
D:3:      lemuel_crystal_altar, lemuel_doored_altar,
          nicolae_overflow_hidden_temple, first_ration, uniq_ijyb
D:4:      nicolae_tso_swordbearing_angel, minitemple, gammafunk_ghost_arena
D:5:      uniq_edmund
D:6:      lemuel_round_altar, uniq_blork_the_orc, uniq_pikel, uniq_grinder
D:7:      kennysheep_mini_moat, minmay_temple_entry_enclosed_plants,
          uniq_duvessa
D:8:      minmay_quarter_circles
D:9:      trog_ov_bears_minmay, minmay_orc_entry_temple_small,
          minmay_shop_mayhem
Temple:   kb_temple_of_zot
Orc:1:    nicolae_orc_bridge_out
Orc:2:    grunt_orc_tribal_feast, uniq_erolcha, uniq_urug, uniq_rupert

Skill      XL: |  1  2  3  4  5  6  7  8  9 10 11 |
---------------+----------------------------------+-----
Invocations    | 1 2 3 4 5 6 7 |  7.2
Short Blades   | 1 2 3 4 5 6 |  6.6
Axes           | 1 2 3 4 5 6 |  6.6
Maces & Flails | 1 2 3 4 5 6 |  6.6
Polearms       | 1 2 3 4 5 6 |  6.6
Staves         | 1 2 3 4 5 6 |  6.6
Slings         | 1 2 3 4 5 6 |  6.6
Bows           | 1 2 3 4 5 6 |  6.6
Crossbows      | 1 2 3 4 5 6 |  6.6
Throwing       | 1 2 3 4 5 6 |  6.6
Dodging        | 1 2 3 4 5 6 |  6.6
Stealth        | 1 2 3 4 5 6 |  6.6
Unarmed Combat | 1 2 3 4 5 6 |  6.6
Spellcasting   | 1 2 3 4 5 6 |  6.6
Evocations     | 1 2 3 4 5 6 |  6.6
Conjurations   | 1 2 3 4 5 |  5.4
Hexes          | 1 2 3 4 5 |  5.4
Charms         | 1 2 3 4 5 |  5.4
Summonings     | 1 2 3 4 5 |  5.4
Necromancy     | 1 2 3 4 5 |  5.4
Translocations | 1 2 3 4 5 |  5.4
Transmutations | 1 2 3 4 5 |  5.4
Fire Magic     | 1 2 3 4 5 |  5.4
Ice Magic      | 1 2 3 4 5 |  5.4
Air Magic      | 1 2 3 4 5 |  5.4
Earth Magic    | 1 2 3 4 5 |  5.4
Poison Magic   | 1 2 3 4 5 |  5.4
Long Blades    | 5 6 7 8 |  8.1
Fighting       | 7 8 9 |  9.3
Armour         | 7 8 9 |  9.3
Shields        | 7 8 9 |  9.3

Action                   |  1- 3 |  4- 6 |  7- 9 | 10-12 || total
-------------------------+-------+-------+-------+-------++-------
Melee: Long sword        |    92 |   222 |    82 |       ||   396
       Bite              |    13 |    32 |    54 |    79 ||   178
       Spear             |       |       |   292 |   421 ||   713
Evoke: Wand              |       |       |     5 |    13 ||    18
  Use: Potion            |       |       |     5 |     9 ||    14
       Scroll            |       |       |    13 |     8 ||    21
 Stab: Sleeping          |       |       |     1 |     9 ||    10
       Distracted        |       |       |       |     1 ||     1
  Eat: Chunk             |       |     5 |    10 |     7 ||    22
       Ration            |       |       |     1 |       ||     1
Armor: Scale mail        |    37 |    96 |    12 |       ||   145
       Plate armour      |       |       |    79 |       ||    79
       Ring mail         |       |       |     4 |    80 ||    84
       Skin              |       |       |       |    67 ||    67
Dodge: Dodged            |    29 |    81 |    86 |   161 ||   357
Block: Shield            |    55 |   167 |   224 |   325 ||   771
       Rpst.: Long sword |     9 |    19 |     6 |       ||    34

Table legend:
 A = Non-vault XP
 B = Vault XP
 C = Vault XP percentage of total XP
 D = Non-vault monster count
 E = Vault monster count
 F = Vault count percentage of total count
                 A         B        C        D         E       F
            +---------+---------+-------+---------+---------+-------
      Total |   11370 |    5846 |  34.0 |     264 |      47 |  15.1
            +---------+---------+-------+---------+---------+-------
        D:1 |      56 |       0 |   0.0 |      31 |       0 |   0.0
        D:2 |     145 |      18 |  11.0 |      31 |       5 |  13.9
        D:3 |      66 |      35 |  34.7 |      18 |       1 |   5.3
        D:4 |     516 |       0 |   0.0 |      18 |       0 |   0.0
        D:5 |     285 |     166 |  36.8 |       9 |       1 |  10.0
        D:6 |    1214 |     377 |  23.7 |      33 |       2 |   5.7
        D:7 |     511 |     209 |  29.0 |      24 |       2 |   7.7
        D:8 |    1493 |    3278 |  68.7 |      38 |      22 |  36.7
        D:9 |    1919 |     904 |  32.0 |      20 |      13 |  39.4
      Orc:1 |    2660 |       0 |   0.0 |      21 |       0 |   0.0
      Orc:2 |    2505 |     859 |  25.5 |      21 |       1 |   4.5
            +---------+---------+-------+---------+---------+-------
